 Dungeon Crawl Stone Soup version 0.20.0-3-g22ec75f (webtiles) character file.

2011 Peloso the Carver (level 9, -6/75 HPs)
             Began as a Minotaur Fighter on May 27, 2017.
             Was a Priest of Okawaru.
             Killed by divine providence
             ... invoked by an orc priest
              (11 damage)
             ... on level 6 of the Dungeon.
             The game lasted 00:17:02 (6113 turns).

Peloso the Carver (Minotaur Fighter)                Turns: 6113, Time: 00:17:03

Health: -6/75      AC: 11    Str: 23    XL:     9   Next: 2%
Magic:  7/8        EV:  5    Int:  5    God:    Okawaru [***...]
Gold:   292        SH: 17    Dex: 11    Spells: 8/8 levels left

rFire    . . .     SeeInvis .   x - +2 falchion
rCold    . . .     Gourm    .   I - +1 large shield
rNeg     + . .     Faith    +   s - +0 chain mail
rPois    .         Spirit   .   (helmet restricted)
rElec    .         Reflect  .   n - +0 cloak
rCorr    .         Harm     .   (no gloves)
MR       +....                  (no boots)
Stlth    ..........             E - amulet of faith
Regen    0.3/turn               g - ring of positive energy
MPRegen  0.2/turn               z - ring of protection from magic

@: drained
A: retaliatory headbutt, horns 2
a: Heroism, Renounce Religion


You were on level 6 of the Dungeon.
You worshipped Okawaru.
Okawaru was most pleased with you.
You were not hungry.

You visited 2 branches of the dungeon, and saw 7 of its levels.

You collected 292 gold pieces.

Inventory:

Hand Weapons
 x - a +2 falchion (weapon)
Armour
 c - a +0 shield
 n - a +0 cloak (worn)
 s - a +0 chain mail (worn)
 I - a +1 large shield (worn)
Jewellery
 g - a ring of positive energy (left hand)
 m - an uncursed ring of wizardry
 z - a ring of protection from magic (right hand)
 A - an uncursed ring of stealth
 E - an amulet of faith (around neck)
Wands
 w - a wand of flame (28/48)
 C - a wand of confusion (34/48)
Scrolls
 b - 3 scrolls of remove curse
 i - 3 scrolls of amnesia
 k - a scroll of fear
 o - a scroll of recharging {unknown}
 t - a scroll of immolation {unknown}
 u - a scroll of enchant weapon {unknown}
 G - 2 scrolls of teleportation
Potions
 d - 3 potions of might
 e - 2 potions of curing
 l - a potion of berserk rage
 p - a potion of brilliance
 r - 2 potions of haste
 v - a potion of mutation {unknown}
 B - a potion of flight {unknown}
 D - a potion of heal wounds
Comestibles
 a - 2 chunks of flesh
 f - 3 bread rations
 j - 10 fruits
 q - 3 royal jellies
 F - 2 meat rations


   Skills:
 + Level 5.9(5.2) Fighting
 + Level 9.3(8.5) Long Blades
 + Level 7.5(6.8) Armour
 + Level 2.3(1.7) Dodging
 + Level 0.5(0.0) Stealth
 + Level 7.4(6.7) Shields
 + Level 0.5(0.0) Evocations


You had 8 spell levels left.
You didn't know any spells.

Dungeon Overview and Level Annotations

Branches:
Dungeon (6/15)             Temple (1/1) D:4

Altars:
Dithmenos
Elyvilon
Gozag
Hepliaklqana
Kikubaaqudgha
Nemelex Xobeh
Okawaru
Ru
Sif Muna
Trog
Yredelemnul
Zin


Innate Abilities, Weirdness & Mutations

You reflexively headbutt those who attack you in melee.
You have a pair of horns on your head.


Message History

You hit the orc warrior but do no damage.
The orc warrior is heavily wounded.
The orc warrior hits you with a scimitar.
* * * LOW HITPOINT WARNING * * *
You hit the orc warrior but do no damage.
You headbutt the orc warrior!
The orc warrior is severely wounded.
You closely miss the orc warrior.
You headbutt the orc warrior, but do no damage.
The orc warrior is severely wounded.
The orc warrior barely misses you.
You slash the orc warrior!
The orc warrior is almost dead.
You block the orc warrior's attack.
The orc priest invokes the aid of Beogh against you.
Beogh smites you!
* * * LOW HITPOINT WARNING * * *
The orc priest calls down the wrath of Beogh upon you.
Beogh smites you!
You die...

≈♣♣♣##..........##...#
.♣♣ #........#.##..(#
≈≈♣ #........#..##.##
≈♣♣♣♣♣♣.......##.##.#
..P♣PP♣.......##..#.#
≈≈≈≈≈≈....[...###.#.#
≈≈♣P♣≈≈..).....##...#
≈P♣♣♣♣♣...)..oo###..##
≈♣♣#.........ooo@((.(#
≈≈♣♣.####.(...#####..#
≈P♣♣,* #.....#####..#
.♣♣,,* #..(..'..##..#
,,,,** #.....##.##..#
***** #.)...##.#*..#
########.#*.>##########
#.#*####.......# #.#
##.####.#


You could see an orc warrior, 2 orc priests and 2 orcs.

Vanquished Creatures
  Eustachio (D:4)
  Edmund (D:4)
  2 ice beasts
  3 ogres
  A centaur (D:6)
  A scorpion (D:5)
  3 wights (D:6)
  3 howler monkeys (D:6)
  2 electric eels (D:4)
  3 crimson imps (D:6)
  A jelly (D:5)
  Crazy Yiuf (D:4)
  2 hounds
  3 orc priests
  2 orc wizards
  An iguana (D:5)
  Natasha (thrice) (D:3)
  3 worker ants
  A hound zombie (D:5)
  A hound skeleton (D:4)
  A worker ant zombie (D:6)
  7 gnolls (D:5)
  7 adders
  2 shadow imps (D:5)
  4 oozes
  5 worms
  A dart slug (D:1)
  2 leopard geckos
  15 orcs
  2 giant cockroaches
  9 hobgoblins
  5 jackals
  4 quokkas
  4 ball pythons
  8 bats
  2 frilled lizards
  A giant cockroach zombie (D:5)
  7 goblins
  10 kobolds
  A leopard gecko skeleton (D:6)
  A leopard gecko zombie (D:6)
  A quokka skeleton (D:6)
  A quokka zombie (D:5)
  5 rats
  4 plants (D:4)
147 creatures vanquished.

Vanquished Creatures (others)
  An orc wizard (D:5)
1 creature vanquished.

Grand Total: 148 creatures vanquished

Notes
Turn   | Place    | Note
-------+----------+-------------------------------------------
     0 | D:1      | Peloso the Minotaur Fighter began the quest for the Orb.
     0 | D:1      | Reached XP level 1. HP: 19/19 MP: 0/0
    50 | D:1      | Reached XP level 2. HP: 25/27 MP: 1/1
   205 | D:1      | Reached XP level 3. HP: 32/33 MP: 2/2
   218 | D:1      | Reached skill level 3 in Long Blades
   847 | D:2      | Reached XP level 4. HP: 40/40 MP: 3/3
  1587 | D:3      | Noticed Natasha
  1593 | D:3      | Killed Natasha
  1593 | D:3      | Reached skill level 4 in Long Blades
  1593 | D:3      | Reached skill level 1 in Dodging
  1775 | D:3      | Reached XP level 5. HP: 46/46 MP: 4/4
  2094 | D:3      | Noticed Natasha
  2104 | D:3      | Killed Natasha
  2174 | D:3      | Noticed Natasha
  2180 | D:3      | Killed Natasha
  2633 | D:4      | Reached skill level 5 in Long Blades
  2633 | D:4      | Reached skill level 5 in Armour
  2734 | D:4      | Reached XP level 6. HP: 53/53 MP: 5/5
  2958 | D:4      | Found a staircase to the Ecumenical Temple.
  2968 | Temple   | Entered the Ecumenical Temple
  3022 | Temple   | Became a worshipper of Warmaster Okawaru
  3092 | D:4      | Noticed Eustachio
  3147 | D:4      | Killed Eustachio
  3147 | D:4      | Reached skill level 5 in Shields
  3441 | D:4      | Noticed Edmund
  3459 | D:4      | Killed Edmund
  3459 | D:4      | Reached * piety under Okawaru
  3459 | D:4      | Reached skill level 6 in Long Blades
  3459 | D:4      | Reached XP level 7. HP: 35/60 MP: 6/6
  3601 | D:4      | Found a runed door.
  3605 | D:4      | Noticed Crazy Yiuf
  3611 | D:4      | Killed Crazy Yiuf
  4013 | D:5      | Entered Level 5 of the Dungeon
  4119 | D:5      | Reached skill level 5 in Fighting
  4130 | D:5      | Reached skill level 7 in Long Blades
  4257 | D:5      | Reached ** piety under Okawaru
  4257 | D:5      | Reached XP level 8. HP: 49/68 MP: 7/7
  5009 | D:6      | Reached skill level 8 in Long Blades
  5472 | D:6      | Reached *** piety under Okawaru
  5518 | D:6      | Reached skill level 9 in Long Blades
  6077 | D:6      | Reached XP level 9. HP: 75/75 MP: 8/8
  6113 | D:6      | Killed from afar by an orc priest

Skill      XL: |  1  2  3  4  5  6  7  8 |
---------------+-------------------------+-----
Armour         | 4 5 6 7 |  7.5
Long Blades    | 3 4 5 6 7 9 |  9.3
Shields        | 4 5 6 7 |  7.4
Fighting       | 4 5 |  5.9
Dodging        | 1 2 |  2.3
Stealth        | |  0.5
Evocations     | |  0.5

Action                   |  1- 3 |  4- 6 |  7- 9 || total
-------------------------+-------+-------+-------++-------
Melee: Long sword        |    84 |   215 |   206 ||   505
       Headbutt          |    18 |    57 |    58 ||   133
       Falchion          |       |       |    36 ||    36
Invok: Heroism           |       |       |     1 ||     1
Evoke: Wand              |       |     4 |       ||     4
  Use: Potion            |     1 |     1 |       ||     2
       Scroll            |       |     7 |     8 ||    15
  Eat: Chunk             |       |     9 |     8 ||    17
Armor: Scale mail        |    46 |    12 |       ||    58
       Chain mail        |       |    65 |    87 ||   152
Dodge: Dodged            |    24 |    31 |    53 ||   108
Block: Shield            |    36 |    90 |    69 ||   195
       Large shield      |       |       |   100 ||   100
       Rpst.: Long sword |     7 |    10 |    11 ||    28
